 Dungeon Crawl Stone Soup version 0.28-a0-895-g6e5f11bd55 (webtiles) character file.

Game seed: 12981841592621308423

1598 freelancePsychic the Cutter (level 8, 0/44 HPs)
             Began as a Vine Stalker Fighter on Nov 23, 2021.
             Succumbed to an orc warrior's poison
             ... on level 5 of the Dungeon.
             The game lasted 00:16:21 (4749 turns).

freelancePsychic the Cutter (Vine Stalker Fighter)  Turns: 4749, Time: 00:16:22

Health: 0/44       AC: 21    Str: 20      XL:     8   Next: 94%
Magic:  7/9        EV:  7    Int:  8      God:
Gold:   247        SH:  4    Dex: 13 (15) Spells: 7/7 levels left

rFire   . . .      SeeInvis .   n - +2 short sword (protect)
rCold   . . .      Faith    .   c - +0 buckler
rNeg    . . .      Spirit   +   r - +3 chain mail
rPois   .          Reflect  .   (no helmet)
rElec   .          Harm     .   (no cloak)
rCorr   .          Rampage  .   l - +0 pair of gloves
Will    +....                   i - +0 pair of boots
Stlth   ..........              (no amulet)
HPRegen 1.14/turn               (no ring)
MPRegen 0.11/turn               (no ring)

@: lethally poisoned (0 -> -1), under a protective aura
A: fangs 3, regeneration 1, magic shield, antimagic bite, no potion heal 2
a: no special abilities


You were on level 5 of the Dungeon.
You visited 1 branch of the dungeon, and saw 6 of its levels.

You collected 247 gold pieces.

Inventory:

Hand Weapons
 f - a +3 rapier
 g - a +1 dagger of protection
 n - a +2 short sword of protection (weapon)
Missiles
 b - 12 poisoned darts (quivered)
Armour
 c - a +0 buckler (worn)
 i - a +0 pair of boots (worn)
 l - a +0 pair of gloves (worn)
 q - a +2 scale mail of fire resistance
 r - a +3 chain mail (worn)
Wands
 d - a wand of polymorph (6)
Scrolls
 a - a scroll of immolation
 h - 2 scrolls of enchant armour
 j - a scroll of silence
 m - a scroll of identify {@r1}
 o - 2 scrolls of amnesia
Miscellaneous
 e - a piece from Xom's chessboard (11/15)


   Skills:
 + Level 5.9 Fighting
 * Level 7.8 Short Blades
 + Level 4.0 Armour
 - Level 2.6 Shields


You had 7 spell levels left.
You didn't know any spells.
Your spell library contained the following spells:

 Spells                   Type           Power      Damage    Failure   Level
 Magic Dart               Conj           0%         1d3       99%         1
 Call Imp                 Summ           0%         N/A       100%        2
 Searing Ray              Conj           0%         2d4       100%        2
 Mephitic Cloud           Conj/Pois/Air  0%         N/A       100%        3
 Fulminant Prism          Conj/Hex       0%         3d6       100%        4


Dungeon Overview and Level Annotations

Branches:
Dungeon (6/15)             Temple (0/1) D:6

Altars:
Hepliaklqana


Innate Abilities, Weirdness & Mutations

You have razor-sharp teeth.
Your natural rate of healing is unusually fast.
When hurt, damage is shared between your health and your magic reserves.
Your bite disrupts and absorbs the magic of your enemies.
Potions cannot restore your health.


Message History

The orc warrior hits you with a +2 war axe of venom!
You are lethally poisoned!
You feel extremely sick.
You aren't carrying any potions.
You hit the orc warrior but do no damage.
Your weapon exudes an aura of protection.
You bite the orc warrior, but do no damage.
The orc warrior is almost dead.
* * * LOW HITPOINT WARNING * * *
You feel very sick.
You hit the orc warrior but do no damage.
The orc warrior is almost dead.
* * * LOW HITPOINT WARNING * * *
You feel very sick. You block the orc warrior's attack.
You closely miss the orc warrior. Your bite misses the orc warrior.
The orc warrior is almost dead.
* * * LOW HITPOINT WARNING * * *
You feel very sick. The orc warrior completely misses you.
You hit the orc warrior.
You bite the orc warrior, but do no damage.
The orc warrior is almost dead.
* * * LOW HITPOINT WARNING * * *
You feel sick. The orc warrior closely misses you.
You hit the orc warrior but do no damage.
You bite the orc warrior, but do no damage.
The orc warrior is almost dead.
* * * LOW HITPOINT WARNING * * *
You feel very sick.
You hit the orc warrior.
You kill the orc warrior!
* * * LOW HITPOINT WARNING * * *
You feel sick.
Your Armour skill increases to level 4!
* * * LOW HITPOINT WARNING * * *
You feel very sick.
* * * LOW HITPOINT WARNING * * *
You feel sick.
You die...

#####.######.########.'.#⌠#.#.#
..<...................#..#..#.###
####....####..#########.....#....
###...# ##.# #######.... #.#.#
#.## ###..##. #.#.## #..##
########....##. #.#..#
##..###........##.##.
#.##.#####.<[#.#########....
#.##.......@...)............
##.....#..###.).###..........
#####.....#..........#.........##
......###......................##
....§.§..............#.........##
_..≈≈§≈..####.......##.........#
....§................>.........#
#########...........###.......##
### ##..#..)......##.........#


There were no monsters in sight!

Vanquished Creatures
  A hornet (D:5)
  Menkaure (D:5)
  A water moccasin (D:6)
  An orc warrior (D:5)
  2 ice beasts
  A black bear (D:6)
  2 ogres
  3 scorpions
  A water moccasin skeleton (D:6)
  2 centaur zombies (D:6)
  A jelly (D:5)
  An orc priest (D:4)
  Natasha (D:2)
  3 orc wizards (D:4)
  A hound zombie (D:5)
  4 gnolls (D:6)
  3 adders
  An ufetubus (D:5)
  A worm (D:3)
  A dart slug (D:2)
  22 orcs
  10 ball pythons
  4 bats
  8 endoplasms
  2 giant cockroaches
  12 goblins
  5 hobgoblins
  4 kobolds
  5 quokkas
  A frilled lizard (D:2)
  6 rats
111 creatures vanquished.

Notes
Turn   | Place    | Note
-------+----------+-------------------------------------------
     0 | D:1      | freelancePsychic the Vine Stalker Fighter began the quest
                  | for the Orb.
     0 | D:1      | Reached XP level 1. HP: 11/11 MP: 2/2
   310 | D:1      | Reached skill level 2 in Short Blades
   508 | D:1      | Reached XP level 2. HP: 16/16 MP: 3/3
  1147 | D:1      | Reached XP level 3. HP: 20/20 MP: 4/4
  1388 | D:2      | Reached skill level 3 in Short Blades
  1560 | D:2      | Gained mutation: Your natural rate of healing is unusually
                  | fast. [Vine Stalker growth]
  1560 | D:2      | Reached XP level 4. HP: 19/24 MP: 5/5
  1844 | D:3      | Noticed a scorpion
  2036 | D:3      | Killed a scorpion
  2037 | D:3      | Reached skill level 4 in Short Blades
  2037 | D:3      | Reached XP level 5. HP: 13/29 MP: 3/6
  2066 | D:3      | You fall into a shaft and drop 1 floor!
  2516 | D:4      | Noticed an ogre
  2540 | D:4      | Killed an ogre
  2541 | D:4      | Reached XP level 6. HP: 33/33 MP: 7/7
  2739 | D:4      | Reached skill level 5 in Short Blades
  3103 | D:3      | Noticed Natasha
  3123 | D:2      | Killed Natasha
  3168 | D:3      | Noticed Terence
  3170 | D:3      | Noticed Terence
  3170 | D:3      | Terence changed into Terence the quokka
  3173 | D:3      | Killed Terence the quokka
  3352 | D:5      | Entered Level 5 of the Dungeon
  3357 | D:5      | Noticed Menkaure
  3500 | D:5      | Noticed Edmund
  3672 | D:5      | Killed Menkaure
  3673 | D:5      | Reached XP level 7. HP: 9/38 MP: 2/8
  3690 | D:5      | Noticed a hornet
  3756 | D:5      | Paralysed by a hornet for 2 turns
  3758 | D:5      | HP: 1/38 [hornet (1)]
  3771 | D:5      | HP: 1/38 [poisoned by a hornet]
  3771 | D:5      | Killed a hornet
  3772 | D:5      | Reached skill level 5 in Fighting
  3772 | D:5      | Reached skill level 6 in Short Blades
  3776 | D:5      | HP: 1/39 [poisoned by a hornet]
  3841 | D:5      | Noticed Edmund
  3841 | D:5      | Edmund changed into Edmund the scorpion
  3851 | D:4      | Killed Edmund the scorpion
  3873 | D:5      | Gained mutation: You have razor-sharp teeth. [Vine Stalker
                  | growth]
  3873 | D:5      | Reached XP level 8. HP: 26/43 MP: 7/9
  3988 | D:5      | Found a hazy altar of Hepliaklqana.
  4345 | D:6      | Reached skill level 7 in Short Blades
  4585 | D:6      | Found a staircase to the Ecumenical Temple.
  4671 | D:5      | HP: 1/44 [orc warrior (5)]
  4747 | D:5      | HP: 1/44 [poisoned by an orc warrior]
  4749 | D:5      | Succumbed to an orc warrior's poison

Illustrated notes

Levels and vault maps discovered:
D:1:      sevenhm_arrival_forest_fort_large_2, layout_basic,
          hangedman_decor_slide_cut, nicolae_figureground_sparkle
D:2:      layout_rooms
D:3:      layout_basic, nrook_uturn, uniq_natasha, uniq_terence
D:4:      layout_cave_pods, serial_column_ruins, column_ruins_grid_1,
          column_ruins_columns_corner, column_ruins_open_medium,
          column_ruins_grid_1, serial_park_tiny_2, nicolae_elevator_lobby_plus
D:5:      layout_rooms, mainiacjoe_overflow_boulevard,
          hellmonk_bongcloud_opening, kennysheep_generic_room_13, uniq_edmund,
          uniq_menkaure
D:6:      layout_basic, minmay_temple_entry_trees, corexii_checkpoint_b,
          st_stairs_3, lemuel_flamethrower_1

Skill      XL: |  1  2  3  4  5  6  7  8 |
---------------+-------------------------+-----
Short Blades   | 2 3 4 5 6 7 |  7.8
Fighting       | 3 4 5 |  5.9
Armour         | 3 4 |  4.0
Shields        | |  2.6

Action                   |  1- 3 |  4- 6 |  7- 9 || total
-------------------------+-------+-------+-------++-------
Melee: Rapier            |    34 |       |       ||    34
       Bite              |    20 |    72 |    54 ||   146
       Dagger            |    56 |   111 |       ||   167
       Short sword       |       |    92 |   150 ||   242
Throw: Dart              |       |     9 |     7 ||    16
Evoke: Wand              |       |     2 |     3 ||     5
       Piece from Xom's  |       |       |     7 ||     7
  Use: Scroll            |     2 |     6 |       ||     8
       Potion            |       |     3 |     7 ||    10
 Stab: Paralysed         |       |       |     2 ||     2
Armor: Scale mail        |    41 |    77 |       ||   118
       Chain mail        |       |       |    78 ||    78
Dodge: Dodged            |    26 |    46 |    36 ||   108
Block: Buckler           |    14 |    26 |    24 ||    64

Table legend: (Time is in decaauts)
 A = Elapsed time spent in this place.
 B = Non-inter-level travel time spent in this place.
 C = Inter-level travel time spent in this place.
 D = Time resting spent in this place.
 E = Time spent auto-exploring this place.
 F = Levels seen in this place.
 G = Mean time per level.
                   A        B        C        D        E       F      G
               +--------+--------+--------+--------+--------+-----+--------+
         Total |   4679 |   4463 |    216 |    117 |   3192 |   6 |  779.8 |
       Dungeon |   4679 |   4463 |    216 |    117 |   3192 |   6 |  779.8 |
               +--------+--------+--------+--------+--------+-----+--------+

Top non-repeatable levels by time:
     D:1: 1369 daAuts
     D:4: 1239 daAuts
     D:5: 840 daAuts
     D:2: 492 daAuts
     D:3: 434 daAuts
     D:6: 304 daAuts
